 Dungeon Crawl Stone Soup version 0.29-a0-330-g52719c12eb (webtiles) character file.

Game seed: 18139547220182188465

452 HoaS the Quickloader (level 7, -1/40 HPs)
             Began as a Kobold Hunter on May 18, 2022.
             Slain by an iguana (8 damage)
             ... on level 4 of the Dungeon.
             The game lasted 00:05:22 (3225 turns).

HoaS the Quickloader (Kobold Hunter)                Turns: 3225, Time: 00:05:22

Health: -1/40      AC:  6    Str:  9    XL:     7   Next: 25%
Magic:  7/7        EV: 13    Int: 10    God:
Gold:   159        SH:  0    Dex: 20    Spells: 6/6 levels left

rFire   . . .      SeeInvis .   a - +1 hand crossbow
rCold   . . .      Faith    .   (no shield)
rNeg    . . .      Spirit   .   f - +0 ring mail
rPois   .          Reflect  .   d - +0 helmet
rElec   .          Harm     .   (no cloak)
rCorr   .          Rampage  .   (no gloves)
Will    .....                   (no boots)
Stlth   +++.......              (no amulet)
HPRegen 0.13/turn               (no ring)
MPRegen 0.10/turn               (no ring)

@: mighty
A: small, no large weapons, nightstalker 3
a: no special abilities


You were on level 4 of the Dungeon.
You visited 1 branch of the dungeon, and saw 4 of its levels.

You collected 159 gold pieces.

Inventory:

Hand Weapons
 a - a +1 hand crossbow (weapon)
Armour
 d - a +0 helmet (worn)
 f - a +0 ring mail (worn)
Scrolls
 c - a scroll of immolation
 e - 2 scrolls of fog
 j - a scroll of blinking
 m - a scroll of brand weapon {unknown}
Potions
 b - a potion of haste
 g - a potion of resistance {unknown}
 i - a potion of flight
 k - a potion of cancellation {unknown}
 l - a potion of curing {unknown}


   Skills:
 * Level 2.9 Fighting
 - Level 10.0 Crossbows
 + Level 0.7 Armour
 + Level 2.9 Dodging
 + Level 2.2 Stealth


You had 6 spell levels left.
You didn't know any spells.
Your spell library contained the following spells:

 Spells                   Type           Power      Damage    Failure   Level
 Call Canine Familiar     Summ           0%         N/A       97%         3
 Gell's Gravitas          Tloc           0%         N/A       97%         3
 Ignite Poison            Fire/Tmut/Pois 0%         N/A       97%         3
 Lesser Beckoning         Tloc           0%         N/A       97%         3
 Mephitic Cloud           Conj/Pois/Air  0%         N/A       97%         3
 Portal Projectile        Hex/Tloc       0%         N/A       97%         3
 Teleport Other           Tloc           0%         N/A       97%         3
 Leda's Liquefaction      Hex/Erth       0%         N/A       100%        4
 Freezing Cloud           Conj/Ice/Air   0%         6-21      100%        5


Dungeon Overview and Level Annotations

Branches:
Dungeon (4/15)
 Temple: D:4-7

Altars:


Innate Abilities, Weirdness & Mutations

You are small and have problems with some larger weapons.
You are completely attuned to the shadows.


Message History

The iguana bites you!
You shoot a bolt. The bolt hits the iguana.
The iguana is heavily wounded.
The iguana bites you but does no damage.
You shoot a bolt.
The bolt hits the iguana but does no damage.
The iguana is heavily wounded.
The iguana misses you.
You shoot a bolt. The bolt closely misses the iguana.
The iguana closely misses you.
You shoot a bolt.
The bolt hits the iguana but does no damage.
The iguana is heavily wounded.
The iguana bites you! The iguana closely misses you.
You are too injured to fight recklessly!
You are too injured to fight recklessly!
You are too injured to fight recklessly!
You are too injured to fight recklessly!
Shoot: a) +1 hand crossbow
Press: ? - help, Q - select action Shift-Dir - straight line, f/p - iguana
Aim: an iguana (heavily wounded, 73% to hit)
You shoot a bolt. The bolt barely misses the iguana.
The iguana bites you!
* * * LOW HITPOINT WARNING * * *
You feel very mighty all of a sudden. The iguana barely misses you.
Shoot: a) +1 hand crossbow
Press: ? - help, Q - select action Shift-Dir - straight line, f/p - iguana
Aim: an iguana (heavily wounded, 73% to hit)
You shoot a bolt.
The bolt hits the iguana but does no damage.
The iguana is heavily wounded.
The iguana barely misses you.
Shoot: a) +1 hand crossbow
Press: ? - help, Q - select action Shift-Dir - straight line, f/p - iguana
Aim: an iguana (heavily wounded, 73% to hit)
You shoot a bolt. The bolt hits the iguana.
The iguana is severely wounded.
The iguana bites you!
You die...

#..... ......
#....##..# ......
#........#.#..##.....
#..........##.#.l....
............#..#@†...
#.................#..
...).........##..##.
....................
......##............
.............#......
...........##.##..
.#............ ..
#.#..#......


You could see an iguana.

Vanquished Creatures
  4 wights (D:3)
  A howler monkey (D:4)
  A jelly (D:4)
  An orc priest (D:3)
  6 adders
  A worm (D:2)
  3 dart slugs
  8 orcs (D:3)
  13 ball pythons
  3 bats
  5 endoplasms
  A giant cockroach (D:1)
  5 goblins
  7 hobgoblins
  7 kobolds
  6 quokkas
  5 frilled lizards
  4 rats
81 creatures vanquished.

Notes
Turn   | Place    | Note
-------+----------+-------------------------------------------
     0 | D:1      | HoaS the Kobold Hunter began the quest for the Orb.
     0 | D:1      | Reached XP level 1. HP: 12/12 MP: 1/1
   191 | D:1      | Reached XP level 2. HP: 16/17 MP: 2/2
   196 | D:1      | Reached skill level 6 in Crossbows
   453 | D:1      | Reached XP level 3. HP: 21/21 MP: 3/3
   987 | D:2      | Reached skill level 7 in Crossbows
   987 | D:2      | Reached XP level 4. HP: 26/26 MP: 4/4
  1045 | D:2      | Identified the +3 leather armour of Ashenzari, Wizarding
                  | {*Corrode rN+ Will+ Regen+ Int+2}
  1890 | D:3      | Noticed a wight
  1895 | D:3      | Killed a wight
  1896 | D:3      | Reached skill level 8 in Crossbows
  1896 | D:3      | Reached XP level 5. HP: 30/30 MP: 5/5
  1900 | D:3      | Reached XP level 6. HP: 26/35 MP: 6/6
  1905 | D:3      | Reached skill level 9 in Crossbows
  2446 | D:3      | Identified the +8 dagger of Green Reinforcement {spect, rC-
                  | Will+ Str+2 Int+6}
  2518 | D:3      | Reached skill level 10 in Crossbows
  3118 | D:4      | Reached XP level 7. HP: 39/40 MP: 7/7
  3225 | D:4      | Slain by an iguana

Illustrated notes

Levels and vault maps discovered:
D:1:      dpeg_arrival_renting, layout_basic, minmay_misc_feat_square,
          minmay_tree_intersection
D:2:      layout_loops_cross, chequers_serial_rivers_room_b,
          chequers_serial_rivers_micro_a
D:3:      layout_basic
D:4:      minmay_angry_zag, layout_cave_pools, amcnicky_altar_gilded, uniq_pikel

Skill      XL: |  1  2  3  4  5  6  7 |
---------------+----------------------+-----
Crossbows      | 6 7 8 10 | 10.0
Stealth        | 2 |  2.2
Fighting       | |  2.9
Armour         | |  0.7
Dodging        | |  2.9

Action                   |  1- 3 |  4- 6 |  7- 9 || total
-------------------------+-------+-------+-------++-------
 Fire: Hand crossbow     |    63 |   109 |    32 ||   204
  Use: Scroll            |     3 |     6 |       ||     9
       Potion            |       |       |     1 ||     1
Armor: Leather armour    |     5 |       |       ||     5
       Ring mail         |     6 |    17 |     6 ||    29
Dodge: Dodged            |    16 |    29 |    10 ||    55

Table legend: (Time is in decaauts)
 A = Elapsed time spent in this place.
 B = Non-inter-level travel time spent in this place.
 C = Inter-level travel time spent in this place.
 D = Time resting spent in this place.
 E = Time spent auto-exploring this place.
 F = Levels seen in this place.
 G = Mean time per level.
                   A        B        C        D        E       F      G
               +--------+--------+--------+--------+--------+-----+--------+
         Total |   3276 |   3198 |     78 |    488 |   2250 |   4 |  819.0 |
       Dungeon |   3276 |   3198 |     78 |    488 |   2250 |   4 |  819.0 |
               +--------+--------+--------+--------+--------+-----+--------+

Top non-repeatable levels by time:
     D:3: 1343 daAuts
     D:2: 1043 daAuts
     D:1: 751 daAuts
     D:4: 139 daAuts
